 Dungeon Crawl Stone Soup version 0.30-a0-125-g51eefa89be (webtiles) character file.

Game seed: 9249461049979129435

7296 zxpr0jk the Placeless Demonspawn (level 10, 0/120 HPs)
             Began as a Demonspawn Chaos Knight on Sept 18, 2022.
             Was a Plaything of Xom.
             Succumbed to their own poison gas
             ... on level 10 of the Dungeon.
             The game lasted 00:38:05 (8335 turns).

zxpr0jk the Placeless Demonspawn (DsCK)             Turns: 8335, Time: 00:38:05

Health: 0/120      AC:  8    Str: 23    XL:     10   Next: 89%
Magic:  28/28      EV: 16    Int: 18    God:    Xom [..*...]
Gold:   302        SH:  4    Dex: 18    Spells: 15/22 levels left

rFire   . . .      SeeInvis .    a - +1 hand axe (chaos)
rCold   x . .      Faith    .    (no shield)
rNeg    + + +      Spirit   .    B - +1 robe of Limited Liability {rN++ Str+2 Dex-2}
rPois   .          Reflect  .    (helmet restricted)
rElec   .          Harm     .    z - +1 cloak
rCorr   .          Rampage  .    C - +0 pair of gloves
Will    +....      Clarity  +    (no boots)
Stlth   ..........               q - amulet of regeneration
HPRegen 1.10/turn                m - +6 ring of dexterity
MPRegen 0.21/turn                e - ring "Tohits" {rC- rN++ MP+9 Int+6}

@: berserking, lethally poisoned (0 -> -6), attractive, very quick
A: antennae 1, rugged brown scales 2, demonic guardian 1, spiny 1, large bone
plates 1, clarity, strong-willed 1, mutation resistance 1, strong 2, MP-powered
wands
a: Renounce Religion


You were on level 10 of the Dungeon.
You worshipped Xom.
You were a toy of Xom.
You visited 1 branch of the dungeon, and saw 10 of its levels.

You collected 579 gold pieces.
You spent 277 gold pieces at shops.

Inventory:

Hand Weapons
 a - a +1 hand axe of chaos (weapon)
 g - a +3 great sword
Armour
 j - a +0 pair of gloves
 z - a +1 cloak (worn)
 B - the +1 robe of Limited Liability (worn) {rN++ Str+2 Dex-2}
   (You bought it in a shop on level 4 of the Dungeon)

   Str:       It affects your strength (+2).
   Dex:       It affects your dexterity (-2).
   rN:        It greatly protects you from negative energy.
 C - a +0 pair of gloves (worn)
Jewellery
 e - the ring "Tohits" (right hand) {rC- rN++ MP+9 Int+6}
   (You acquired it on level 6 of the Dungeon)

   [ring of intelligence]

   Int:       It affects your intelligence (+6).
   rC:        It makes you vulnerable to cold.
   rN:        It greatly protects you from negative energy.
   MP:        It affects your magic capacity (+9).
 h - an amulet of magic regeneration
 m - a +6 ring of dexterity (left hand)
 q - an amulet of regeneration (around neck)
 u - a +4 ring of protection
 v - a +4 ring of slaying
Wands
 n - a wand of charming (9)
 r - a wand of polymorph (11)
 s - a wand of flame (26)
 y - a wand of iceblast (14)
Scrolls
 f - 3 scrolls of poison
 i - a scroll of immolation
 k - 2 scrolls of silence
 x - a scroll of summoning
Potions
 d - 4 potions of curing
 p - a potion of cancellation
 w - a potion of resistance {unknown}
Miscellaneous
 b - a lightning rod (4/4)
 c - a piece from Xom's chessboard (15/15)


   Skills:
 + Level 6.4 Fighting
 - Level 5.0 Axes
 - Level 1.8 Armour
 * Level 7.7 Dodging
 - Level 6.5 Spellcasting
 - Level 9.4 Translocations


You had 15 spell levels left.
You knew the following spells:

 Your Spells              Type           Power      Damage    Failure   Level
a - Teleport Other        Tloc           39%        N/A       1%          3
b - Dispel Undead         Necr           5%         3d7       75%         4

Your spell library contained the following spells:

 Spells                   Type           Power      Damage    Failure   Level
 Gell's Gravitas          Tloc           39%        N/A       1%          3
 Beastly Appendage        Tmut           10%        N/A       12%         1
 Necrotise                Necr           20%        1d5       12%         1
 Static Discharge         Conj/Air       10%        2-3/arc   17%         2
 Wereblood                Tmut           5%         N/A       17%         2
 Spider Form              Tmut/Pois      5%         N/A       34%         3
 Vampiric Draining        Necr           5%         2d6       34%         3
 Dispersal                Tloc           19%        N/A       34%         6
 Sticky Flame             Conj/Fire      5%         2d3       75%         4
 Agony                    Necr           5%         N/A       97%         5
 Arcjolt                  Conj/Air       2%         1d12      97%         5
 Lightning Bolt           Conj/Air       2%         1d14      97%         5
 Maxwell's Capacitive Co  Air            2%         ∞         100%        8


Dungeon Overview and Level Annotations

Branches:
Dungeon (10/15)            Temple (0/1) D:7
   Lair: D:8-11         Orc: D:9-12

Altars:
Ru

Shops:
D:4 [   D:8 **   D:10 [

Annotations:
D:8 2 transporters, SigmundSlayer's ghost, novice MiFi


Innate Abilities, Weirdness & Mutations

You have a pair of small antennae on your head.
You are mostly covered in rugged brown scales. (AC +2, +5% HP)
A weak demonic guardian rushes to your aid.
You are partially covered in sharp spines.
You are partially covered in large bone plates. (SH +4)
You possess an exceptional clarity of mind.
You are strong-willed. (Will+)
You are somewhat resistant to further mutation.
Your muscles are very strong. (Str +8, Int/Dex -2)
You expend magic power (3 MP) to strengthen your wands.


Message History

* * * LOW HITPOINT WARNING * * *
The gnoll bouda is engulfed in poison gas.
The gnoll bouda looks even sicker.
Flame seeps out of the gnoll bouda.
The yak looks even sicker.
The yak barely misses you.
The yak is engulfed in blazing flames.
Flame seeps out of the yak.
The yak is engulfed in blazing flames.
Flame seeps out of the yak.
The wyvern is engulfed in poison gas.
The wyvern looks as sick as possible!
Flame seeps out of the wyvern.
The two-headed ogre is engulfed in poison gas.
The two-headed ogre looks even sicker.
Flame seeps out of the two-headed ogre.
The centaur is engulfed in poison gas.
The centaur looks even sicker.
Flame seeps out of the centaur.
Unknown command.
Unknown command.
Unknown command.
You feel a strong urge to attack something.
You feel sick.
Flame seeps out of the wyvern.
Flame seeps out of the yak. x2
The wyvern is engulfed in poison gas.
The wyvern looks as sick as possible!
Flame seeps out of the wyvern.
You feel a bit more experienced.
You hear an explosion!
The yak is engulfed in poison gas.
The yak looks even sicker.
The electric eel shoots out a bolt of lightning at you!
The bolt of electricity hits you!
* * * LOW HITPOINT WARNING * * *
The bolt of electricity misses you.
The yak is engulfed in blazing flames.
Flame seeps out of the yak.
The yak is engulfed in poison gas.
The yak looks as sick as possible!
The yak explodes!
You feel a bit more experienced.
You hear a splash. x2
You feel a bit more experienced.
The fiery explosion engulfs the wyvern!!!
The wyvern explodes!
You hear an explosion! x2
You feel a bit more experienced.
You hear an explosion!
Your Fighting skill increases to level 6!
Your Dodging skill increases to level 7!
You die...
Xom snickers!

.#******#######.#######* *** *,,*
.#**,**#♣≈≈≈~~♣.♣~~≈≈≈♣#**,* *,,*
O#*,,,*#≈≈≈~~~♣.♣~~~≈≈≈#*,** *,,*
.#♣♣,♣♣#≈≈~~~.....~~~≈≈#,** *,,*
.#♣...♣#≈≈~~...~...~~≈≈#*,** *,,*
.#♣♣.♣♣#~~~...~≈~...S~~#**,***,,*
.#♣...♣#~~...~≈~≈~...S~# **,**,,*
.#.~~~.#....o.###.Y§§♣♣#♣♣.***,,*
.).~~~YO.....#).@#YY☼§§....*,,,,,
.#.~~~.#......###.B○§♣♣#..,*,*,,,
.#♣...♣#~~...~≈Y≈)§°§§§#,***,*,,,
.#♣♣.♣♣#~~))..5≈~)§§§§§#,**,**,,*
.#♣.).♣#≈≈~)...~c.§§§§§#*,,***,,*
.#♣♣.♣♣#≈≈~~~.....§§§§§#**,***,,*
.#♣...♣#≈≈≈~~~♣§♣~~~≈≈≈# **,**,,*
.#♣♣.♣♣#♣≈≈≈~~♣.♣~~≈≈≈♣# *,***,,*
.# ### #######.####### *** *,,,


You could see a boulder beetle (inner flame), a yak (very poisoned), an orc
warrior and 2 electric eels.

Vanquished Creatures
  3 two-headed ogres
  Pikel (D:7)
  The ghost of valliere the Covert, a novice KoEn of Dithmenos (D:7)
  A hornet (D:8)
  Sigmund (D:2)
  2 wyverns
  2 yaks (D:10)
  3 acid dragons
  5 water moccasins
  2 orc warriors
  2 black bears
  4 ice beasts
  A centaur (D:10)
  A lemure (D:7)
  A phantom (D:6)
  2 kobold brigands
  4 bullfrogs
  2 scorpions (D:5)
  4 wights (D:6)
  An electric eel (D:10)
  2 howler monkeys
  A gnoll bouda (D:10)
  2 hounds
  2 jellies
  4 orc priests
  Crazy Yiuf (D:4)
  4 iguanas (D:5)
  10 orc wizards
  5 adders
  4 white imps
  2 ufetubi
  7 worms (D:4)
  A dart slug (D:2)
  19 orcs
  11 endoplasms
  2 giant cockroaches
  5 goblins
  12 hobgoblins
  4 jackals
  6 quokkas
  6 ball pythons
  5 bats
  A frilled lizard (D:1)
  11 kobolds
  15 rats
185 creatures vanquished.

Vanquished Creatures (collateral kills)
  An acid dragon (D:9)
  A water moccasin (D:5)
  A black bear (D:5)
  A hound (D:5)
  A worm (D:7)
  An orc (D:10)
6 creatures vanquished.

Vanquished Creatures (others)
  A centaur (D:9)
  An orc wizard (D:10)
  10 plants
12 creatures vanquished.

Grand Total: 203 creatures vanquished

Notes
Turn   | Place    | Note
-------+----------+-------------------------------------------
     0 | D:1      | zxpr0jk the Demonspawn Chaos Knight began the quest for the
                  | Orb.
     0 | D:1      | Reached XP level 1. HP: 18/18 MP: 1/1
    21 | D:1      | Reached skill level 1 in Dodging
    41 | D:1      | XOM: divination: magic mapping
   322 | D:1      | Gained mutation: You are partially covered in rugged brown
                  | scales. (AC +1, +3% HP) [demonic ancestry]
   322 | D:1      | Reached XP level 2. HP: 14/24 MP: 2/2
   686 | D:1      | XOM: polymorph hobgoblin -> giant cockroach
  1346 | D:2      | Gained mutation: You are partially covered in sharp spines.
                  | [demonic ancestry]
  1346 | D:2      | Reached XP level 3. HP: 29/29 MP: 3/3
  1488 | D:2      | Noticed Sigmund
  1560 | D:2      | Found a faded altar of an unknown god.
  1644 | D:2      | XOM: divination: detect items
  1711 | D:2      | Gained mutation: You are mostly covered in rugged brown
                  | scales. (AC +2, +5% HP) [demonic ancestry]
  1711 | D:2      | Reached XP level 4. HP: 29/36 MP: 4/4
  1881 | D:2      | XOM: give mutations
  1881 | D:2      | Gained mutation: Your flesh is heat resistant. (rF+) [Xom's
                  | grace]
  1881 | D:2      | Gained mutation: You possess an exceptional clarity of
                  | mind. [Xom's grace]
  1889 | D:2      | XOM: smoke on damage
  1898 | D:2      | Killed Sigmund
  1899 | D:2      | Gained mutation: A weak demonic guardian rushes to your
                  | aid. [demonic ancestry]
  1899 | D:2      | Reached XP level 5. HP: 33/43 MP: 5/5
  1960 | D:3      | Reached skill level 5 in Axes
  2016 | D:3      | XOM: god gift: 29 gold pieces
  2047 | D:3      | XOM: cloud trail
  2226 | D:3      | Learned a level 3 spell: Teleport Other
  2248 | D:3      | Reached XP level 6. HP: 49/49 MP: 6/6
  2638 | D:4      | XOM: 3-stop teleportation journey
  2801 | D:4      | XOM: give mutations
  2801 | D:4      | Gained mutation: You passively map a small area around you.
                  | [Xom's grace]
  2801 | D:4      | Gained mutation: You are agile. (Dex +4, Str/Int -1) [Xom's
                  | grace]
  2801 | D:4      | Gained mutation: Your system is resistant to poisons.
                  | (rPois) [Xom's grace]
  2801 | D:4      | Gained mutation: Your mind is acute. (Int +4, Str/Dex -1)
                  | [Xom's grace]
  2889 | D:4      | XOM: divination: detect items
  2931 | D:4      | Reached skill level 1 in Translocations
  2995 | D:4      | Lost mutation: You are agile. (Dex +4, Str/Int -1) [potion
                  | of mutation]
  2995 | D:4      | Lost mutation: Your mind is acute. (Int +4, Str/Dex -1)
                  | [potion of mutation]
  2995 | D:4      | Lost mutation: Your flesh is heat resistant. (rF+) [potion
                  | of mutation]
  2995 | D:4      | Gained mutation: You have a pair of small antennae on your
                  | head. [potion of mutation]
  2995 | D:4      | Gained mutation: Your muscles are strong. (Str +4, Int/Dex
                  | -1) [potion of mutation]
  2995 | D:4      | Gained mutation: You are agile. (Dex +4, Str/Int -1)
                  | [potion of mutation]
  3054 | D:4      | Noticed an ice beast
  3057 | D:4      | XOM: 1-stop teleportation journey
  3287 | D:4      | Found a runed translucent door.
  3288 | D:4      | Noticed Crazy Yiuf
  3300 | D:4      | Killed Crazy Yiuf
  3324 | D:4      | XOM: give mutations
  3324 | D:4      | Gained mutation: You are somewhat resistant to further
                  | mutation. [Xom's grace]
  3324 | D:4      | Gained mutation: You have a pair of antennae on your head.
                  | [Xom's grace]
  3324 | D:4      | Gained mutation: Your muscles are very strong. (Str +8,
                  | Int/Dex -2) [Xom's grace]
  3344 | D:4      | XOM: smoke on damage
  3349 | D:4      | Reached skill level 1 in Spellcasting
  3349 | D:4      | Reached skill level 2 in Translocations
  3469 | D:4      | Found Toaghyll's Armour Shop.
  3470 | D:4      | XOM: god gift: 6 atropa-tipped darts
  3480 | D:4      | Bought the +1 robe of Limited Liability {rN++ Str+2 Dex-2}
                  | for 232 gold pieces
  3480 | D:4      | Bought a +0 pair of gloves for 45 gold pieces
  3637 | D:5      | Entered Level 5 of the Dungeon
  3673 | D:5      | XOM: 3-stop teleportation journey
  3686 | D:5      | Noticed an ice beast
  3693 | D:5      | Killed an ice beast
  3694 | D:5      | Reached skill level 3 in Translocations
  3694 | D:5      | Reached XP level 7. HP: 54/54 MP: 8/10
  3791 | D:5      | XOM: divination: detect items
  3794 | D:5      | XOM: summons 7 friendly demons
  3797 | D:5      | Reached skill level 4 in Translocations
  3924 | D:5      | XOM: smoke on damage
  3928 | D:5      | Reached skill level 5 in Translocations
  3928 | D:5      | Reached XP level 8. HP: 27/60 MP: 11/13
  4170 | D:5      | XOM: smoke on damage
  4541 | D:5      | Lost mutation: Your muscles are very strong. (Str +8,
                  | Int/Dex -2) [potion of mutation]
  4541 | D:5      | Lost mutation: You are agile. (Dex +4, Str/Int -1) [potion
                  | of mutation]
  4541 | D:5      | Lost mutation: You have a pair of antennae on your head.
                  | [potion of mutation]
  4541 | D:5      | Lost mutation: You have a pair of small antennae on your
                  | head. [potion of mutation]
  4655 | D:6      | Identified a scroll of acquirement
  4655 | D:6      | Acquired the ring "Tohits" {rC- rN++ MP+9 Int+6}
  4784 | D:6      | Reached skill level 6 in Translocations
  4873 | D:6      | XOM: give mutation
  4873 | D:6      | Gained mutation: You expend magic power (3 MP) to
                  | strengthen your wands. [Xom's grace]
  4874 | D:6      | XOM: divination: detect items
  4875 | D:6      | XOM: confuse monster(s)
  4936 | D:6      | XOM: cleaving
  4938 | D:6      | Reached skill level 7 in Translocations
  5204 | D:6      | XOM: summons 3 friendly demons
  5207 | D:6      | Reached skill level 5 in Spellcasting
  5220 | D:6      | Gained mutation: You have a pair of small antennae on your
                  | head. [demonic ancestry]
  5220 | D:6      | Reached XP level 9. HP: 54/67 MP: 16/16
  5256 | D:6      | XOM: god gift: 39 gold pieces
  5283 | D:6      | Lost mutation: Your system is resistant to poisons. (rPois)
                  | [potion of mutation]
  5283 | D:6      | Lost mutation: You passively map a small area around you.
                  | [potion of mutation]
  5283 | D:6      | Gained mutation: Your muscles are very strong. (Str +8,
                  | Int/Dex -2) [potion of mutation]
  5459 | D:7      | XOM: silly message
  5502 | D:7      | Reached skill level 8 in Translocations
  5616 | D:7      | Found a runed translucent door.
  5617 | D:7      | Noticed valliere's ghost (novice KoEn)
  5632 | D:7      | XOM: noise
  5643 | D:7      | Killed valliere's ghost
  5660 | D:7      | Found a staircase to the Ecumenical Temple.
  5661 | D:7      | Noticed Pikel
  5681 | D:7      | Killed Pikel
  5682 | D:7      | Reached skill level 9 in Translocations
  5777 | D:7      | XOM: give mutations
  5777 | D:7      | Gained mutation: You are strong-willed. (Will+) [Xom's
                  | grace]
  5777 | D:7      | Gained mutation: You are partially covered in large bone
                  | plates. (SH +4) [Xom's grace]
  5854 | D:7      | XOM: enchant monster (good)
  6100 | D:8      | Found Miriz's General Store.
  6100 | D:8      | Found Xuidonk's Specific Store.
  6100 | D:8      | XOM: 2-stop teleportation journey
  6106 | D:8      | Learned a level 4 spell: Dispel Undead
  6157 | D:8      | XOM: noise
  6247 | D:8      | XOM: 2-stop teleportation journey
  6254 | D:8      | Reached XP level 10. HP: 70/74 MP: 19/19
  6265 | D:8      | XOM: divination: magic mapping
  6372 | D:8      | Noticed SigmundSlayer's ghost (novice MiFi)
  6374 | D:8      | Noticed a two-headed ogre
  6375 | D:8      | Found a transporter.
  6475 | D:8      | XOM: god gift: 25 gold pieces
  7137 | D:8      | Found a sacrificial altar of Ru.
  7239 | D:8      | Found a transporter.
  7299 | D:9      | XOM: stealth player
  7544 | D:9      | XOM: enchant monster (good)
  7577 | D:9      | XOM: scenery: 2 doors open, 1 doors close
  7738 | D:9      | XOM: 1-stop teleportation journey
  7783 | D:9      | XOM: cloud trail
  7789 | D:9      | Reached skill level 5 in Dodging
  7842 | D:9      | Noticed a two-headed ogre
  7851 | D:9      | Killed a two-headed ogre
  7852 | D:9      | Reached skill level 5 in Fighting
  8130 | D:9      | XOM: god gift: lightning rod (4/4)
  8245 | D:10     | Entered Level 10 of the Dungeon
  8245 | D:10     | Found Plog's Antique Armour Shoppe.
  8249 | D:10     | Noticed a two-headed ogre
  8304 | D:10     | XOM: smoke on damage
  8307 | D:10     | Noticed a two-headed ogre
  8322 | D:10     | Noticed a boulder beetle
  8327 | D:10     | Killed a two-headed ogre
  8328 | D:10     | Noticed a two-headed ogre
  8332 | D:10     | XOM: potion effect (berserk rage)
  8334 | D:10     | HP: 1/118 [electric eel/bolt of electricity (7)]
  8334 | D:10     | Killed a two-headed ogre
  8335 | D:10     | Succumbed to their own poison gas

Illustrated notes

Levels and vault maps discovered:
D:1:      amcnicky_arrival_gap_in_the_tavern_cellar, layout_basic,
          serial_bayou_crossing
D:2:      layout_rooms, shapermc_ecumenical_altar_mp_ritualfount,
          minmay_rat_gold_closets, uniq_sigmund
D:3:      layout_basic
D:4:      layout_basic, serial_shops, shop_statue, minmay_misc_feat_ornament,
          nicolae_wormholes, uniq_crazy_yiuf_cottage
D:5:      layout_basic, serial_glass, glass_columns_a, glass_columns_c
D:6:      layout_basic, nicolae_figureground_pulse
D:7:      layout_cave_pools, minmay_temple_entry_mini_moons,
          ebering_ghost_reflecting_pool, grunt_ministairs_9, uniq_pikel
D:8:      layout_layer_cave, kennysheep_mini_moat,
          nicolae_ru_the_path_less_chosen, gammafunk_ghost_smash,
          nicolae_specific_store, minmay_tree_intersection, st_stairs_1
D:9:      layout_loops_corners
D:10:     nzn_winding_woodlands_cross [nzn_winding_woodlands_5x15_concentric,
          nzn_winding_woodlands_5x15_pool, nzn_winding_woodlands_5x15_crooked,
          nzn_winding_woodlands_5x15_pathside_ponds,
          nzn_winding_woodlands_15x15_eel_pit], layout_basic, serial_shops,
          nicolae_shop_temple_entry_statues_fountains, hex_tiny,
          lemuel_flame_loot_1

Skill      XL: |  1  2  3  4  5  6  7  8  9 10 |
---------------+-------------------------------+-----
Dodging        | 1 2 3 7 |  7.7
Axes           | 3 4 5 |  5.0
Translocations | 3 5 7 9 |  9.4
Spellcasting   | 2 3 5 6 |  6.5
Fighting       | 6 |  6.4
Armour         | |  1.8

Action                   |  1- 3 |  4- 6 |  7- 9 | 10-12 || total
-------------------------+-------+-------+-------+-------++-------
Melee: Hand axe          |   112 |   102 |   267 |    78 ||   559
       Punch             |     1 |     1 |     3 |     2 ||     7
 Cast: Teleport Other    |       |       |     4 |       ||     4
Evoke: Wand              |       |     7 |     4 |     4 ||    15
  Use: Potion            |       |     2 |     6 |     6 ||    14
       Scroll            |       |       |    17 |     9 ||    26
 Stab: Petrifying        |     1 |       |       |       ||     1
       Sleeping          |     6 |     3 |     3 |       ||    12
       Distracted        |       |     1 |     1 |       ||     2
       Confused          |       |       |     1 |     1 ||     2
       Petrified         |       |       |     1 |       ||     1
       Invisible         |       |       |       |     4 ||     4
Armor: Leather armour    |    47 |    31 |       |       ||    78
       Robe              |       |     1 |    86 |    11 ||    98
Dodge: Dodged            |    62 |    55 |   147 |    71 ||   335
Block: Other             |       |       |     9 |    12 ||    21

Table legend: (Time is in decaauts)
 A = Elapsed time spent in this place.
 B = Non-inter-level travel time spent in this place.
 C = Inter-level travel time spent in this place.
 D = Time resting spent in this place.
 E = Time spent auto-exploring this place.
 F = Levels seen in this place.
 G = Mean time per level.
                   A        B        C        D        E       F      G
               +--------+--------+--------+--------+--------+-----+--------+
         Total |   8381 |   8147 |    234 |    275 |   6315 |  10 |  838.1 |
       Dungeon |   8381 |   8147 |    234 |    275 |   6315 |  10 |  838.1 |
               +--------+--------+--------+--------+--------+-----+--------+

Top non-repeatable levels by time:
     D:1: 1358 daAuts
     D:8: 1252 daAuts
     D:4: 1083 daAuts
     D:9: 968 daAuts
     D:5: 920 daAuts
     D:6: 767 daAuts
     D:7: 738 daAuts
     D:3: 632 daAuts
     D:2: 591 daAuts
    D:10: 68 daAuts
